 Dungeon Crawl Stone Soup version 0.27-a0-1448-g9c78c815f3 (webtiles) character file.

Game seed: 15119740317016832262

152 Animzor the Covert (level 5, -7/26 HPs)
             Began as a Felid Delver on July 5, 2021.
             Was a Priest of Kikubaaqudgha.
             Killed from afar by Blork the orc (11 damage)
             ... with a puff of flame
             ... on level 4 of the Dungeon.
             The game lasted 00:37:06 (5552 turns).

Animzor the Covert (Felid Delver)                   Turns: 5552, Time: 00:37:06

Health: -7/26      AC:  6    Str: 10    XL:     5   Next: 11%
Magic:  2/5        EV: 18    Int: 12    God:    Kikubaaqudgha [***...]
Gold:   110        SH:  0    Dex: 17    Spells: 0/5 levels left
                                        Lives:  0   Deaths: 1

rFire    . . .     SeeInvis +     - Unarmed
rCold    . . .     Faith    .   (shield unavailable)
rNeg     . . .     Spirit   .   (armour unavailable)
rPois    .         Reflect  .   (helmet unavailable)
rElec    .         Harm     .   (cloak unavailable)
rCorr    .         Rampage  .   (gloves unavailable)
Will     +....                  (boots unavailable)
Stlth    ++++......             (no amulet)
HPRegen  0.08/turn              h - +4 ring of protection
MPRegen  0.09/turn              d - ring of willpower

@: very slightly contaminated, slowed, slow
A: very small, claws 1, fangs 3, see invisible, speed 1, shaggy fur 2, stealthy
paws, no weapons or thrown items, no armour, multi-lived, low mp 2, robust 1,
noise suppression
a: Renounce Religion, Receive Corpses


You were on level 4 of the Dungeon.
You worshipped Kikubaaqudgha.
Kikubaaqudgha was most pleased with you.
You visited 2 branches of the dungeon, and saw 6 of its levels.

You collected 110 gold pieces.

Inventory:

Jewellery
 d - a ring of willpower (right paw)
 h - a +4 ring of protection (left paw)
 k - a ring of willpower
 m - an amulet of faith
Wands
 e - a wand of digging (3)
 l - a wand of iceblast (9) (quivered)
Scrolls
 a - 2 scrolls of fog
 b - 2 scrolls of magic mapping
 c - 2 scrolls of fear
 g - 5 scrolls of identify
Potions
 f - a potion of might
 i - a potion of curing
 j - a potion of flight


   Skills:
 + Level 3.5 Fighting
 + Level 4.0 Dodging
 + Level 8.3 Stealth
 + Level 4.1 Unarmed Combat
 + Level 0.7 Spellcasting
 + Level 0.5 Necromancy


You couldn't memorise any spells.
You knew the following spells:

 Your Spells              Type           Power      Damage    Failure   Level
a - Pain                  Necr           4%         1d4       26%         1
b - Tukima's Dance        Hex            0%         N/A       67%         3
c - Magic Dart            Conj           0%         1d3       30%         1

Your spell library contained the following spells:

 Spells                   Type           Power      Damage    Failure   Level
 Foxfire                  Conj/Fire      0%         2x1d4     30%         1
 Sublimation of Blood     Necr           0%         N/A       36%         2
 Corpse Rot               Necr/Air       N/A        N/A       38%         2
 Searing Ray              Conj           0%         3d3       43%         2
 Vampiric Draining        Necr           0%         2d6       58%         3
 Conjure Flame            Conj/Fire      0%         6-21      67%         3
 Inner Flame              Hex/Fire       0%         N/A       67%         3
 Dispel Undead            Necr           1%         3d6       94%         4
 Fulminant Prism          Conj/Hex       0%         3d6       97%         4
 Passage of Golubria      Tloc           N/A        N/A       97%         4
 Agony                    Necr           1%         N/A       100%        5
 Borgnjor's Vile Clutch   Necr/Erth      0%         N/A       100%        5
 Yara's Violent Unravell  Hex/Tmut       0%         3d3       100%        5
 Death Channel            Necr           0%         N/A       100%        6
 Simulacrum               Ice/Necr       0%         N/A       100%        6


Dungeon Overview and Level Annotations

Branches:
Dungeon (5/15)             Temple (1/1) D:4

Altars:
Kikubaaqudgha

Shops:
D:1 (   D:3 =   D:4 ?

Annotations:
D:4 Blork the orc; Delamore's ghost, novice OpBr


Innate Abilities, Weirdness & Mutations

You have sharp claws.
You have razor-sharp teeth.
You have supernaturally acute eyesight. (SInv)
You cover ground quickly. (Speed+)
You are covered in thick fur. (AC +2)
Your paws help you pounce on unaware monsters.
You are incapable of wielding weapons or throwing items.
You cannot wear armour.
You gain extra lives every three experience levels.
Your magical capacity is very low. (-20% MP)
You are robust. (+10% HP)
You passively dampen the noise of your surroundings.


Message History

Delamore's ghost is lightly damaged.
Delamore's ghost hits you but does no damage.
You claw Delamore's ghost! You bite Delamore's ghost.
Delamore's ghost is moderately damaged.
Delamore's ghost hits you but does no damage.
You claw Delamore's ghost!
Delamore's ghost is heavily damaged.
Delamore's ghost hits you but does no damage.
You scratch Delamore's ghost.
Delamore's ghost is heavily damaged.
Delamore's ghost completely misses you.
You closely miss Delamore's ghost. Your bite misses Delamore's ghost.
Delamore's ghost is heavily damaged.
Delamore's ghost hits you.
* * * LOW HITPOINT WARNING * * *
Delamore's ghost burns you.
* * * LOW HITPOINT WARNING * * *
You barely miss Delamore's ghost.
Delamore's ghost is heavily damaged.
Delamore's ghost hits you but does no damage.
Casting: Tukima's Dance (potentially lethal; 67% risk of failure)
Confirm with . or Enter, or press ? or * to list all spells.
The spell is potentially lethal to cast (67% risk of failure)!
Continue anyway?
Aiming: Tukima's Dance (potentially lethal; 67% risk of failure)
Press: ? - help, Shift-Dir - straight line, f - Delamore's ghost
Aim: Delamore's ghost, wielding a weapon of flaming (heavily damaged, not susceptible)
You miscast Tukima's Dance.
You are very lightly contaminated with residual magic.
Magic surges out from your body.
You feel yourself slow down.
Delamore's ghost hits you but does no damage.
Delamore's ghost hits you.
* * * LOW HITPOINT WARNING * * *
Delamore's ghost burns you.
* * * LOW HITPOINT WARNING * * *
There is a transporter here.
You enter the transporter and appear at another place.
Blork the orc points at you and mumbles some strange words.
The puff of flame hits you!
You die...
Kikubaaqudgha rasps: "You have failed me!
Welcome... death!"

#######...#..##...##..#.#
#...#
..........#...M.©.....#.#
#..#
########..#..##...##..#B#
#..####
#..#..#8...8#..#.###..#<..
#..#..##...##..#.........(
#..#..Z........#.###......
#..#§.Z.$$[....#.# #.##...
##.#############.# #.###.#
#..o....@W......# #.# #.#
###.###...####### #.# #.#
#># ##.## #.# #.# #.# #..#
#.# #.# #.# #.## #.# ...
.. ..#### ###


You could see Blork the orc, a mummy, Delamore's ghost, a killer bee zombie, a
centaur zombie and a giant cockroach.

Vanquished Creatures
  A water moccasin skeleton (D:4)
  2 iguanas (D:4)
  An orc wizard (D:3)
  A hound skeleton (D:4)
  5 adders
  4 dart slugs (D:1)
  3 orcs (D:3)
  13 ball pythons
  5 bats
  3 endoplasms
  5 giant cockroaches
  7 goblins
  7 hobgoblins
  13 jackals
  2 quokkas (D:1)
  3 frilled lizards
  5 kobolds
  7 rats
87 creatures vanquished.

Notes
Turn   | Place    | Note
-------+----------+-------------------------------------------
     0 | D:5      | Animzor the Felid Delver began the quest for the Orb.
     0 | D:5      | Reached XP level 1. HP: 10/10 MP: 2/2
    29 | D:4      | Noticed a hound
    39 | D:4      | Found a transporter.
   648 | D:1      | Reached skill level 7 in Stealth
   659 | D:1      | Reached XP level 2. HP: 14/14 MP: 3/3
   675 | D:1      | Found Ulirghu's Antique Weapon Boutique.
   732 | D:1      | Found a faded altar of an unknown god.
   766 | D:1      | Became a worshipper of Kikubaaqudgha
   766 | D:1      | Reached * piety under Kikubaaqudgha
   766 | D:1      | Received a gift from Kikubaaqudgha
  1170 | D:1      | Learned a level 1 spell: Pain
  1326 | D:1      | Reached XP level 3. HP: 14/17 MP: 0/4
  1981 | D:2      | Reached ** piety under Kikubaaqudgha
  2195 | D:2      | Gained mutation: You have a pair of small antennae on your
                  | head. [potion of mutation]
  2195 | D:2      | Gained mutation: Your magical capacity is low. (-10% MP)
                  | [potion of mutation]
  2195 | D:2      | Gained mutation: Your system is resistant to poisons.
                  | (rPois) [potion of mutation]
  2195 | D:2      | Gained mutation: A frigid envelope surrounds you and
                  | freezes all who hurt you. [potion of mutation]
  2367 | D:2      | Reached XP level 4. HP: 16/21 MP: 4/4
  2783 | D:2      | Lost mutation: Your system is resistant to poisons. (rPois)
                  | [potion of mutation]
  2783 | D:2      | Lost mutation: A frigid envelope surrounds you and freezes
                  | all who hurt you. [potion of mutation]
  2783 | D:2      | Gained mutation: You are strong-willed. (Will+) [potion of
                  | mutation]
  3087 | D:3      | Found Esmyox's Jewellery Shoppe.
  3583 | D:3      | Reached XP level 5. HP: 23/24 MP: 5/5
  3938 | D:3      | Reached *** piety under Kikubaaqudgha
  3938 | D:3      | Received a gift from Kikubaaqudgha
  3943 | D:3      | Learned a level 3 spell: Tukima's Dance
  4162 | D:4      | Found a staircase to the Ecumenical Temple.
  4193 | D:4      | Reached skill level 8 in Stealth
  4282 | Temple   | Entered the Ecumenical Temple
  4300 | D:4      | Lost mutation: You have a pair of small antennae on your
                  | head. [potion of mutation]
  4300 | D:4      | Lost mutation: You are strong-willed. (Will+) [potion of
                  | mutation]
  4300 | D:4      | Gained mutation: Your magical capacity is very low. (-20%
                  | MP) [potion of mutation]
  4300 | D:4      | Gained mutation: You are robust. (+10% HP) [potion of
                  | mutation]
  4300 | D:4      | Gained mutation: You passively dampen the noise of your
                  | surroundings. [potion of mutation]
  4408 | D:4      | Found a transporter.
  4408 | D:4      | Noticed Delamore's ghost (novice OpBr)
  4494 | D:4      | Gained mutation: You are covered in thick fur. (AC +2)
                  | [Felid growth]
  4494 | D:4      | Reached XP level 6. HP: 30/30 MP: 6/6
  4502 | D:4      | Slain by an ogre
  4503 | D:4      | Reached XP level 5. HP: -3/26 MP: 5/5
  5137 | D:4      | Noticed Blork the orc
  5139 | D:4      | Found Qocat's Magic Scroll Shoppe.
  5496 | D:2      | Learned a level 1 spell: Magic Dart
  5552 | D:4      | Killed from afar by Blork the orc

Illustrated notes

Levels and vault maps discovered:
D:1:      onia_arrival_handbag, layout_loops_ring,
          ebering_ecumenical_altar_rust, serial_shops, nicolae_square_shop,
          roderic_serpentine_path, amcnicky_mini_rare_corridor_liquid,
          minmay_fountain_box, chequers_serial_rivers_small_3, minmay_quantized
D:2:      layout_loops_ring
D:3:      minmay_evil_eye, layout_basic, serial_shops, nicolae_shop_trees
D:4:      layout_loops_ring, minmay_temple_entry_offerings, serial_shops,
          nicolae_shop_crystal, nicolae_ossuary_entry_monument,
          gammafunk_ghost_mausoleum, uniq_blork_the_orc
D:5:      layout_cave_pods, hangedman_abyss_or_decor_lesser_grid
Temple:   minmay_temple_curvy_branch

Skill      XL: |  1  2  3  4  5 |
---------------+----------------+-----
Stealth        | 7 8 |  8.3
Dodging        | 3 4 |  4.0
Unarmed Combat | 3 4 |  4.1
Fighting       | |  3.5
Spellcasting   | |  0.7
Necromancy     | |  0.5

Action                   |  1- 3 |  4- 6 || total
-------------------------+-------+-------++-------
Melee: Unarmed           |   126 |   153 ||   279
       Bite              |     9 |    18 ||    27
       Punch             |     2 |     3 ||     5
 Cast: Pain              |     1 |     7 ||     8
       Tukima's Dance    |       |     1 ||     1
Invok: Receive Corpses   |     1 |       ||     1
  Use: Potion            |     4 |     8 ||    12
       Scroll            |     2 |     1 ||     3
 Stab: Sleeping          |    14 |     6 ||    20
       Distracted        |       |     1 ||     1
Armor: Skin              |    18 |    21 ||    39
Dodge: Dodged            |   114 |   105 ||   219

Table legend: (Time is in decaauts)
 A = Elapsed time spent in this place.
 B = Non-inter-level travel time spent in this place.
 C = Inter-level travel time spent in this place.
 D = Time resting spent in this place.
 E = Time spent auto-exploring this place.
 F = Levels seen in this place.
 G = Mean time per level.
                   A        B        C        D        E       F      G
               +--------+--------+--------+--------+--------+-----+--------+
         Total |   4780 |   4779 |      1 |      0 |   1686 |   6 |  796.7 |
       Dungeon |   4778 |   4777 |      1 |      0 |   1686 |   5 |  955.6 |
        Temple |      1 |      1 |      0 |      0 |      0 |   1 |    1.0 |
               +--------+--------+--------+--------+--------+-----+--------+

Top non-repeatable levels by time:
     D:3: 1630 daAuts
     D:1: 1342 daAuts
     D:2: 1076 daAuts
     D:4: 709 daAuts
     D:5: 19 daAuts
  Temple: 1 daAuts
